 Dungeon Crawl Stone Soup version 0.28-a0-1594-ga885d4b3d6 (webtiles) character file.

Game seed: 13121386541778123795

240 hashsling the Magician (level 5, 0/28 HPs)
             Began as a Deep Elf Fire Elementalist on Jan 20, 2022.
             Slain by a black bear (6 damage)
             ... on level 4 of the Dungeon.
             The game lasted 00:16:27 (3509 turns).

hashsling the Magician (Deep Elf Fire Elementalist) Turns: 3509, Time: 00:16:30

Health: 0/28       AC:  5    Str:  4 (5)  XL:     5   Next: 80%
Magic:  0/14       EV: 14    Int: 22      God:
Gold:   131        SH:  0    Dex: 15      Spells: 1/14 levels left

rFire   + . .      SeeInvis .   l - +2 dagger (vamp)
rCold   . . .      Faith    .   (no shield)
rNeg    . . .      Spirit   .   a - +0 robe
rPois   .          Reflect  .   (no helmet)
rElec   .          Harm     .   u - +2 cloak
rCorr   .          Rampage  .   (no gloves)
Will    .....                   (no boots)
Stlth   ++........              (no amulet)
HPRegen 0.09/turn               h - ring of protection from fire
MPRegen 0.14/turn               (no ring)

@: no status effects
A: no striking features
a: no special abilities


You were on level 4 of the Dungeon.
You visited 1 branch of the dungeon, and saw 4 of its levels.

You collected 131 gold pieces.

Inventory:

Hand Weapons
 c - a +0 club
 d - a +0 dagger of freezing
 l - a +2 vampiric dagger (weapon)
Missiles
 j - 2 throwing nets
 v - 14 arrows
Armour
 a - a +0 robe (worn)
 u - a +2 cloak (worn)
Jewellery
 h - a ring of protection from fire (left hand)
Wands
 p - a wand of polymorph (7)
Scrolls
 b - a scroll of fog {unknown}
 e - 2 scrolls of amnesia {unknown}
 g - 2 scrolls of enchant armour {unknown}
 i - 2 scrolls of identify {unknown}
 k - a scroll of immolation {unknown}
 m - a scroll of vulnerability {unknown}
 n - 2 scrolls of teleportation {unknown}
 o - a scroll of fear {unknown}
 s - 2 scrolls of noise {unknown}
Potions
 f - 2 potions of heal wounds
 q - 5 potions of flight {unknown}
 r - a potion of curing {unknown}
 t - a potion of lignification {unknown}


   Skills:
 * Level 4.7 Dodging
 - Level 3.0 Stealth
 * Level 5.3 Spellcasting
 - Level 1.1 Conjurations
 + Level 0.0 Hexes
 + Level 0.0 Necromancy
 + Level 3.7 Fire Magic
 - Level 2.0 Ice Magic
 + Level 1.2 Poison Magic


You had one spell level left.
You knew the following spells:

 Your Spells              Type           Power      Damage    Failure   Level
a - Foxfire               Conj/Fire      64%        2x1d7     3%          1
b - Scorch                Fire           44%        2d7       3%          2
c - Freeze                Ice            56%        1d7       4%          1
d - Conjure Flame         Conj/Fire      16%        6-21      11%         3
e - Frozen Ramparts       Ice            28%        1d4       13%         3
f - Poisonous Vapours     Pois/Air       16%        N/A       12%         2
g - Sting                 Tmut/Pois      32%        1d4       8%          1

Your spell library contained the following spells:

 Spells                   Type           Power      Damage    Failure   Level
 Slow                     Hex            20%        N/A       10%         1
 Inner Flame              Hex/Fire       14%        N/A       14%         3
 Confusing Touch          Hex            5%         N/A       28%         3
 Vampiric Draining        Necr           5%         2d6       28%         3
 Flame Wave               Conj/Fire      16%        2d5       36%         4
 Hailstorm                Conj/Ice       12%        3d5       45%         4
 Olgreb's Toxic Radiance  Pois           11%        N/A       52%         4


Dungeon Overview and Level Annotations

Branches:
Dungeon (4/15)
 Temple: D:4-7

Altars:
Beogh


Message History

The black bear is poisoned.
The foxfire hits the black bear but does no damage.
The black bear is lightly wounded.
The orc wizard suddenly complains, as Orcs often do.
You conjure some foxfire!
The foxfire hits the black bear.
The black bear is lightly wounded.
A kobold comes into view. It is wielding a +0 dagger.
Casting: Foxfire (safe; 3% risk of failure)
Confirm with . or Enter, or press ? or * to list all spells.
Flames lash the black bear.
The black bear is moderately wounded.
The black bear's fire resistance burns away.
The foxfire hits the black bear but does no damage.
The black bear is heavily wounded.
Casting: Scorch (safe; 3% risk of failure)
Confirm with . or Enter, or press ? or * to list all spells.
Flames lash the dart slug.
You kill the dart slug!
The black bear bites you.
The black bear claws you but does no damage. x2
Casting: Scorch (safe; 3% risk of failure)
Confirm with . or Enter, or press ? or * to list all spells.
Flames lash the black bear.
The black bear is burned terribly!
The black bear is almost dead.
The black bear bites you.
The black bear claws you but does no damage. x2
Casting: Scorch (safe; 3% risk of failure)
Confirm with . or Enter, or press ? or * to list all spells.
Flames lash the orc wizard.
The orc wizard is heavily wounded.
The orc wizard's fire resistance burns away.
The black bear looks more healthy.
The black bear goes berserk!
You hit the black bear.
You feel better.
The black bear is almost dead.
The black bear bites you! The black bear closely misses you.
The black bear claws you. The black bear closely misses you.
The black bear claws you.
* * * LOW HITPOINT WARNING * * *
The black bear claws you.
You die...

[##### ......
....).# .......##
......K@#
.....)#h#
.....ยง.o#####
..>.........#
.......####<###
...###.........##
.. ##.........##
. #...........#
#...........#


You could see a black bear (berserk, combustible), an orc wizard (combustible)
and a kobold.

Vanquished Creatures
  3 orc priests (D:3)
  Jessica (D:3)
  Terence (D:2)
  2 adders
  A gnoll (D:1)
  2 dart slugs
  2 orcs (D:3)
  5 ball pythons (D:2)
  3 bats
  6 endoplasms
  3 giant cockroaches
  8 goblins
  5 hobgoblins
  11 jackals
  2 quokkas (D:2)
  2 kobolds
  8 rats
65 creatures vanquished.

Vanquished Creatures (collateral kills)
  A foxfire (D:3)
1 creature vanquished.

Vanquished Creatures (others)
  145 foxfires
145 creatures vanquished.

Grand Total: 211 creatures vanquished

Notes
Turn   | Place    | Note
-------+----------+-------------------------------------------
     0 | D:1      | hashsling the Deep Elf Fire Elementalist began the quest
                  | for the Orb.
     0 | D:1      | Reached XP level 1. HP: 10/10 MP: 6/6
   326 | D:1      | Reached XP level 2. HP: 8/15 MP: 5/8
   460 | D:1      | Learned a level 2 spell: Scorch
   462 | D:1      | Learned a level 1 spell: Freeze
   463 | D:1      | Found a faded altar of an unknown god.
   956 | D:1      | Reached XP level 3. HP: 19/19 MP: 2/10
  1338 | D:2      | Reached skill level 4 in Spellcasting
  1979 | D:2      | Noticed Terence
  1985 | D:2      | Learned a level 3 spell: Conjure Flame
  1989 | D:2      | Learned a level 3 spell: Frozen Ramparts
  2033 | D:2      | Killed Terence
  2034 | D:2      | Reached XP level 4. HP: 18/24 MP: 0/12
  2522 | D:3      | Reached skill level 1 in Ice Magic
  2751 | D:3      | Learned a level 2 spell: Poisonous Vapours
  2810 | D:3      | Reached XP level 5. HP: 18/28 MP: 9/14
  2816 | D:3      | Reached skill level 5 in Spellcasting
  3078 | D:3      | Noticed Jessica
  3081 | D:3      | Learned a level 1 spell: Sting
  3091 | D:3      | Killed Jessica
  3092 | D:3      | Reached skill level 1 in Poison Magic
  3396 | D:4      | Noticed a black bear
  3509 | D:4      | Slain by a black bear

Illustrated notes

Levels and vault maps discovered:
D:1:      noname_arrival_rooms_in_the_neighbourhood, layout_basic,
          hellmonk_ecumenical_altar_defaced_shrine, skrybe_limestone_x,
          nicolae_figureground_pulse
D:2:      layout_basic, hex_large, uniq_terence
D:3:      layout_loops_ring, minmay_goblin_kobold_house, uniq_jessica
D:4:      layout_rooms, minmay_temple_entry_arrows, gammafunk_ghost_split,
          uniq_robin

Skill      XL: |  1  2  3  4  5 |
---------------+----------------+-----
Dodging        | 3 4 |  4.7
Stealth        | 3 |  3.0
Spellcasting   | 4 5 |  5.3
Ice Magic      | 1 2 |  2.0
Poison Magic   | 1 |  1.2
Conjurations   | |  1.1
Fire Magic     | |  3.7

Action                   |  1- 3 |  4- 6 || total
-------------------------+-------+-------++-------
Melee: Unarmed           |     4 |       ||     4
       Punch             |     1 |       ||     1
       Club              |    14 |       ||    14
       Dagger            |    13 |    14 ||    27
 Cast: Foxfire           |    54 |    42 ||    96
       Freeze            |    15 |     2 ||    17
       Scorch            |     3 |     5 ||     8
       Conjure Flame     |     2 |     1 ||     3
       Sting             |       |     5 ||     5
       Poisonous Vapours |       |     1 ||     1
       Frozen Ramparts   |       |     1 ||     1
  Use: Potion            |     2 |       ||     2
 Stab: Sleeping          |     1 |       ||     1
Armor: Robe              |     7 |     9 ||    16
Dodge: Dodged            |    36 |    11 ||    47

Table legend: (Time is in decaauts)
 A = Elapsed time spent in this place.
 B = Non-inter-level travel time spent in this place.
 C = Inter-level travel time spent in this place.
 D = Time resting spent in this place.
 E = Time spent auto-exploring this place.
 F = Levels seen in this place.
 G = Mean time per level.
                   A        B        C        D        E       F      G
               +--------+--------+--------+--------+--------+-----+--------+
         Total |   3512 |   3423 |     89 |    138 |   2726 |   4 |  878.0 |
       Dungeon |   3512 |   3423 |     89 |    138 |   2726 |   4 |  878.0 |
               +--------+--------+--------+--------+--------+-----+--------+

Top non-repeatable levels by time:
     D:2: 1399 daAuts
     D:1: 1181 daAuts
     D:3: 910 daAuts
     D:4: 21 daAuts
